 Dungeon Crawl Stone Soup version 0.23.2-11-gf996548c65 (webtiles) character file.

Game seed: 9473802396034850353

12192 Kobolds4U the Carver (level 11, -1/160 HPs)
             Began as a Minotaur Fighter on June 5, 2019.
             Was a Believer of Ashenzari.
             Slain by a queen ant (7 damage)
             ... on level 11 of the Dungeon.
             The game lasted 00:27:24 (11537 turns).

Kobolds4U the Carver (Minotaur Fighter)            Turns: 11537, Time: 00:27:25

Health: -1/160     AC: 25    Str: 21    XL:     11   Next: 59%
Magic:  0/13       EV:  2    Int:  5    God:    Ashenzari [**....]
Gold:   1055       SH:  7    Dex: 18    Spells: 6/10 levels left

rFire    . . .     SeeInvis .   a - +1 scimitar
rCold    + . .     Gourm    .   D - +2 buckler
rNeg     + + +     Faith    .   (armour currently unavailable)
rPois    +         Spirit   +   (helmet currently unavailable)
rElec    .         Reflect  .   (cloak currently unavailable)
rCorr    .         Harm     .   (gloves currently unavailable)
MR       .....     NoTele   +   (boots currently unavailable)
Stlth    ++++......             x - amulet of guardian spirit
HPRegen  0.36/turn              A - ring of protection from cold
MPRegen  0.13/turn              K - ring of stealth

@: agile, lethally poisoned (-1 -> -4), tree-form, very slightly contaminated,
starving, lightly drained, invisible (expiring)
A: (retaliatory headbutt)
a: Curse Item, Scrying, Renounce Religion


You were on level 11 of the Dungeon.
You worshipped Ashenzari.
Ashenzari was pleased with you.
You were starving.
You were a tree.
You visited 2 branches of the dungeon, and saw 13 of its levels.
You also visited: Ossuary.

You collected 1055 gold pieces.

Inventory:

Hand Weapons
 a - a +1 scimitar (weapon)
 h - the +9 short sword of Tuupse {elec, +Blink MR+}
   (You found it on level 9 of the Dungeon)

   Occasionally, upon striking a foe, it will discharge some electrical energy
   and cause terrible harm.
   It affects your resistance to hostile enchantments.
   It lets you blink.
 P - a +3 long sword
Missiles
 N - 11 tomahawks (quivered)
Armour
 c - a +0 shield
 z - a cursed +0 crystal plate armour (melded)
 D - a +2 buckler (worn)
 E - a cursed +1 pair of gloves (melded)
 F - a cursed +0 pair of boots (melded)
 H - a +1 cloak of invisibility (melded)
 I - a +1 chain mail of magic resistance
 O - a +2 scale mail of positive energy
Jewellery
 x - an amulet of guardian spirit (around neck)
 y - an uncursed ring of wizardry
 A - a ring of protection from cold (left branch)
 K - a ring of stealth (right branch)
Wands
 g - a wand of disintegration (15)
 p - a wand of polymorph (4)
 s - a wand of flame (53)
 v - a wand of acid (6)
 M - a wand of random effects (21)
Scrolls
 b - 2 scrolls of amnesia
 q - 2 scrolls of fog
 r - 2 scrolls of immolation
 u - a scroll of noise
 C - 2 scrolls of teleportation
 J - 4 scrolls of magic mapping
 L - a scroll of remove curse
 Q - a scroll of holy word {unknown}
Potions
 d - a potion of might
 e - 3 potions of curing
 j - 3 potions of brilliance
 m - a potion of haste
 n - 3 potions of ambrosia
 o - a potion of resistance
 t - a potion of agility
 B - a potion of invisibility
 G - 3 potions of mutation
 R - a potion of cancellation
Comestibles
 f - 25 rations


   Skills:
 * Level 13.1(12.7) Fighting
 - Level 14.0(13.5) Long Blades
 + Level 9.2(10.9) Armour
 - Level 4.1(3.7) Shields
 - Level 5.0(4.6) Evocations


You had 6 spell levels left.
You knew the following spells:

 Your Spells              Type           Power        Failure   Level  Hunger
a - Confusing Touch       Hex            #.....       47%         1    ##.....
b - Confuse               Hex            #.......     85%         3    ####...

Your spell library contained the following spells:

 Spells                   Type           Power        Failure   Level  Hunger
 Animate Skeleton         Necr           N/A          47%         1    ##.....
 Beastly Appendage        Tmut           #.....       47%         1    ##.....
 Pain                     Necr           #...         47%         1    ##.....
 Sticks to Snakes         Tmut           #.......     63%         2    ###....
 Gell's Gravitas          Tloc           #.........   85%         3    ####...
 Regeneration             Chrm/Necr      #.........   85%         3    ####...
 Spider Form              Tmut/Pois      #.........   85%         3    ####...
 Vampiric Draining        Necr           #.........   85%         3    ####...
 Animate Dead             Necr           N/A          99%         4    #####..
 Ice Form                 Ice/Tmut       #.......     99%         4    #####..
 Petrify                  Tmut/Erth      #.......     99%         4    #####..
 Blade Hands              Tmut           #.........   100%        5    ######.
 Metabolic Englaciation   Hex/Ice        #.........   100%        5    ######.
 Yara's Violent Unravell  Hex/Tmut       #.........   100%        5    ######.


Dungeon Overview and Level Annotations

Branches:
Dungeon (12/15)            Temple (1/1) D:6            Lair (0/6) D:10
    Orc (0/2) D:10

Altars:
Ashenzari
Cheibriados
Dithmenos
Elyvilon
Fedhas
Gozag
Hepliaklqana
Kikubaaqudgha
Makhleb
Nemelex Xobeh
Okawaru
Qazlal
Ru
Sif Muna
Trog
Uskayaw
Vehumet
Wu Jian
Xom
Yredelemnul
Zin
The Shining One

Shops:
D:9 =

Annotations:
D:6 2 transporters, 2BsUSBport's ghost, novice HuFi
D:11 Psyche


Innate Abilities, Weirdness & Mutations

((You reflexively headbutt those who attack you in melee.))
((You have a pair of horns on your head.))


Message History

You hit Psyche.
Psyche is severely wounded.
You flicker for a moment.
You feel sick. You block Psyche's attack.
The soldier ant stings you but does no damage.
The queen ant stings you but does no damage.
The soldier ant stings you but does no damage.
The worker ant bites you but does no damage.
Psyche hits you but does no damage.
You are starving!
You barely miss Psyche.
Psyche is severely wounded.
You block the worker ant's attack.
The worker ant bites you but does no damage.
The soldier ant stings you.
* * * LOW HITPOINT WARNING * * *
Psyche hits you but does no damage.
The soldier ant stings you but does no damage.
The queen ant stings you!
You die...

#########...#.##
#...........#.##
#........#......
#........<[....#
#.........#...##
#...>....####.#
#######....###
#.# #a@aa.....##
#.# #aa♣a...#.#
#.# #yaaa.###.#
#<# ##...(.# #.#
#.# #......# #.#
#.#
#..........#..#
#.#
#.###.#.####.##.
#.., * * ,#..#(
*,#.##, ### *, ,
.## . ..# **.#,
.# *#.


You could see a queen ant, Psyche, 3 soldier ants, 5 worker ants and a killer
bee.

Vanquished Creatures
  Harold (D:12)
  An ogre mage (D:11)
  2 two-headed ogres
  A tengu warrior (D:10)
  2 unseen horrors (D:10)
  An orc knight (D:10)
  Joseph (D:10)
  2 centaur skeletons (D:10)
  A troll (D:10)
  A hornet (D:10)
  A hippogriff (D:10)
  A vampire (D:10)
  5 yaks (D:10)
  A hungry ghost (D:7)
  Menkaure (D:6)
  Edmund (D:6)
  2 water moccasins
  A soldier ant (D:12)
  6 orc warriors
  An ice beast (D:10)
  An eye of draining (D:10)
  2 phantoms
  6 ogres
  5 centaurs
  2 crocodiles (D:9)
  2 big kobolds (D:10)
  An elf zombie (Ossuary)
  3 bullfrogs (D:10)
  3 scorpions
  A wyvern skeleton (D:10)
  A water moccasin skeleton (D:7)
  12 killer bees
  6 wights
  6 howler monkeys
  4 crimson imps
  A bullfrog zombie (D:10)
  5 jellies
  3 orc priests
  3 hounds
  Crazy Yiuf (D:5)
  A bullfrog skeleton (D:9)
  Terence (D:3)
  8 orc wizards
  8 worker ants
  An iguana (D:8)
  2 big kobold zombies (Ossuary)
  2 mummies (Ossuary)
  A worker ant zombie (D:8)
  9 adders
  A shadow imp (D:9)
  2 adder zombies
  2 oozes
  2 adder skeletons
  3 worms
  2 dart slugs
  11 leopard geckos
  24 orcs
  5 giant cockroaches
  6 goblins
  7 hobgoblins
  7 jackals
  2 quokkas
  A ball python (D:3)
  7 bats
  7 frilled lizards
  A gnoll zombie (Ossuary)
  4 goblin zombies (Ossuary)
  2 hobgoblin zombies (Ossuary)
  16 kobolds
  A leopard gecko zombie (D:5)
  4 orc zombies (Ossuary)
  5 rats
256 creatures vanquished.

Notes
Turn   | Place    | Note
-------+----------+-------------------------------------------
     0 | D:1      | Kobolds4U the Minotaur Fighter began the quest for the Orb.
     0 | D:1      | Reached XP level 1. HP: 19/19 MP: 0/0
   101 | D:1      | Reached skill level 3 in Long Blades
   200 | D:1      | Reached XP level 2. HP: 23/26 MP: 1/1
   586 | D:2      | Reached skill level 4 in Long Blades
   658 | D:2      | Reached XP level 3. HP: 28/31 MP: 2/2
  1417 | D:2      | Reached skill level 5 in Long Blades
  1944 | D:3      | Noticed Terence
  1950 | D:3      | Killed Terence
  1950 | D:3      | Reached XP level 4. HP: 37/39 MP: 3/3
  2276 | D:3      | Found an ornate altar of the Wu Jian Council.
  2330 | D:3      | Noticed an ogre
  2331 | D:3      | Reached skill level 6 in Long Blades
  2338 | D:3      | Killed an ogre
  2338 | D:3      | Reached skill level 7 in Long Blades
  2338 | D:3      | Reached XP level 5. HP: 36/45 MP: 4/4
  2556 | D:4      | Reached XP level 6. HP: 47/51 MP: 5/5
  2766 | D:4      | Reached skill level 8 in Long Blades
  2901 | D:4      | Reached skill level 9 in Long Blades
  2901 | D:4      | Reached XP level 7. HP: 34/59 MP: 6/6
  3550 | D:5      | Entered Level 5 of the Dungeon
  3779 | D:5      | Reached skill level 5 in Fighting
  4000 | D:5      | Found a runed translucent door.
  4001 | D:5      | Noticed Crazy Yiuf
  4642 | D:5      | Killed Crazy Yiuf
  4758 | D:6      | Noticed Edmund
  4786 | D:6      | Killed Edmund
  4786 | D:6      | Reached skill level 10 in Long Blades
  4786 | D:6      | Reached XP level 8. HP: 52/68 MP: 3/7
  4906 | D:6      | Reached skill level 1 in Evocations
  4958 | D:6      | Noticed a hornet
  4965 | D:6      | Noticed 2BsUSBport's ghost (novice HuFi)
  5050 | D:6      | Noticed Menkaure
  5057 | D:6      | Killed Menkaure
  5057 | D:6      | Reached skill level 5 in Armour
  5058 | D:6      | Found a transporter.
  5075 | D:6      | Found a staircase to the Ecumenical Temple.
  5085 | Temple   | Entered the Ecumenical Temple
  5181 | Temple   | Became a worshipper of Ashenzari the Shackled
  5319 | D:6      | Learned a level 1 spell: Confusing Touch
  5323 | D:6      | Learned a level 3 spell: Confuse
  5386 | D:6      | Found a transporter.
  5774 | D:7      | Reached skill level 11 in Long Blades
  6563 | D:8      | Found a sand-covered staircase.
  6575 | D:8      | Reached XP level 9. HP: 73/75 MP: 10/10
  6651 | Ossuary  | Entered an ossuary
  6700 | Ossuary  | Reached skill level 12 in Long Blades
  6998 | D:8      | Noticed a two-headed ogre
  7020 | D:8      | Killed a two-headed ogre
  7436 | D:8      | Reached skill level 13 in Long Blades
  7661 | D:8      | Reached * piety under Ashenzari
  8268 | D:9      | Got the short sword of Tuupse {elec, +Blink MR+}
  8305 | D:9      | Reached skill level 5 in Evocations
  8305 | D:9      | Reached XP level 10. HP: 86/88 MP: 12/12
  8416 | D:9      | Found Irphuytech's Jewellery Shoppe.
  8582 | D:9      | Reached ** piety under Ashenzari
  8652 | D:9      | Found a shimmering altar of Xom.
  8945 | D:10     | Entered Level 10 of the Dungeon
  9190 | D:10     | Reached skill level 14 in Long Blades
  9216 | D:10     | Noticed a two-headed ogre
  9766 | D:10     | Found a staircase to the Orcish Mines.
 10043 | D:10     | Killed an unseen horror
 10043 | D:10     | Reached skill level 10 in Fighting
 10210 | D:10     | Noticed an ogre mage
 10254 | D:11     | Killed an ogre mage
 10258 | D:11     | Noticed a glowing orange brain
 10422 | D:10     | Reached XP level 11. HP: 95/102 MP: 11/13
 10452 | D:10     | Noticed Joseph
 10476 | D:10     | Killed Joseph
 10514 | D:10     | Noticed an orc knight
 10534 | D:10     | Killed an orc knight
 10535 | D:10     | Found a shimmering altar of Xom.
 10535 | D:10     | Noticed a tengu warrior
 10551 | D:10     | Killed a tengu warrior
 10802 | D:10     | Noticed a two-headed ogre
 10817 | D:10     | Killed a two-headed ogre
 11070 | D:10     | Found an opulent altar of Gozag.
 11288 | D:10     | Killed an unseen horror
 11395 | D:10     | Found a staircase to the Lair.
 11480 | D:11     | Noticed Harold
 11481 | D:11     | Noticed Psyche
 11498 | D:12     | Killed Harold
 11509 | D:11     | Noticed a queen ant
 11536 | D:11     | HP: 8/160 [poisoned by Psyche]
 11537 | D:11     | Slain by a queen ant

Skill      XL: |  1  2  3  4  5  6  7  8  9 10 11 |
---------------+----------------------------------+-----
Long Blades    | 3 4 5 7 9 10 11 13 14 | 14.0
Fighting       | 4 5 7 11 13 | 13.1
Armour         | 4 5 7 9 |  9.2
Shields        | 4 |  4.1
Evocations     | 3 5 |  5.0

Action                   |  1- 3 |  4- 6 |  7- 9 | 10-12 || total
-------------------------+-------+-------+-------+-------++-------
Melee: Long sword        |   102 |    81 |   453 |       ||   636
       Headbutt          |    15 |    15 |   106 |    86 ||   222
       Scimitar          |       |       |    22 |   418 ||   440
Throw: Tomahawk          |       |       |       |     7 ||     7
Invok: Curse Item        |       |       |     3 |       ||     3
 Abil: Evoke Invisibilit |       |       |       |     1 ||     1
  Use: Scroll            |       |       |    15 |     4 ||    19
       Potion            |       |       |       |     8 ||     8
 Stab: Invisible         |       |       |       |     1 ||     1
  Eat: Chunk             |     3 |     3 |    15 |    10 ||    31
       Ration            |       |       |     1 |       ||     1
Armor: Scale mail        |    54 |    13 |       |       ||    67
       Chain mail        |       |    14 |       |       ||    14
       Crystal plate arm |       |       |   267 |   447 ||   714
       Skin              |       |       |       |    61 ||    61
Dodge: Dodged            |    29 |    17 |    44 |    78 ||   168
Block: Shield            |    59 |    35 |     7 |       ||   101
       Buckler           |       |       |   134 |   183 ||   317
       Rpst.: Long sword |     8 |     7 |    16 |       ||    31
       Scimitar          |       |       |       |    18 ||    18
